 Dungeon Crawl Stone Soup version 0.23.2-1-ga50397a6bc (webtiles) character file.

Game seed: 11864726200186320190

163 Peloso the Covered (level 5, -2/46 HPs)
             Began as a Minotaur Fighter on Apr 14, 2019.
             Was a Follower of Okawaru.
             Slain by an ogre
             ... wielding a +0 giant spiked club
              (5 damage)
             ... on level 5 of the Dungeon.
             The game lasted 00:05:30 (2250 turns).

Peloso the Covered (Minotaur Fighter)               Turns: 2250, Time: 00:05:30

Health: -2/46      AC:  9    Str: 24    XL:     5   Next: 20%
Magic:  4/4        EV:  6    Int:  5    God:    Okawaru [*.....]
Gold:   239        SH: 11    Dex: 11    Spells: 4/4 levels left

rFire    . . .     SeeInvis .   p - -1 rapier (curse)
rCold    . . .     Gourm    .   c - +1 shield
rNeg     . . .     Faith    +   w - +0 chain mail
rPois    .         Spirit   .   (helmet restricted)
rElec    .         Reflect  .   (no cloak)
rCorr    +         Harm     .   (no gloves)
MR       .....                  (no boots)
Stlth    ..........             k - amulet of faith
HPRegen  0.15/turn              j - ring of resist corrosion
MPRegen  0.09/turn              y - +4 ring of strength

@: no status effects
A: retaliatory headbutt, horns 2
a: Heroism, Renounce Religion


You were on level 5 of the Dungeon.
You worshipped Okawaru.
Okawaru was aware of your devotion.
You were very hungry.

You visited 1 branch of the dungeon, and saw 5 of its levels.

You collected 239 gold pieces.

Inventory:

Hand Weapons
 a - a +1 long sword
 h - a +1 hand axe of chopping
 p - a cursed -1 rapier (weapon)
Armour
 b - a +0 scale mail
 c - a +1 shield (worn)
 w - a +0 chain mail (worn)
Jewellery
 j - a ring of resist corrosion (left hand)
 k - an amulet of faith (around neck)
 y - a +4 ring of strength (right hand)
Wands
 u - a wand of paralysis (3)
Scrolls
 e - 4 scrolls of teleportation
 g - 2 scrolls of enchant weapon
 s - 2 scrolls of enchant armour
 z - a scroll of identify
Potions
 d - 2 potions of might
 i - 2 potions of heal wounds
 l - 3 potions of ambrosia
 m - a potion of brilliance {unknown}
 n - a potion of lignification {unknown}
 o - 2 potions of curing {unknown}
 q - a potion of cancellation {unknown}
 r - a potion of haste {unknown}
 t - a potion of degeneration {unknown}
 v - a potion of invisibility {unknown}
 x - a potion of flight {unknown}
Comestibles
 f - 6 rations


   Skills:
 + Level 4.3 Fighting
 + Level 2.3(3.1) Short Blades
 + Level 3.2(3.7) Long Blades
 + Level 4.6 Armour
 + Level 0.8 Dodging
 + Level 0.4 Stealth
 + Level 4.5 Shields


You had 4 spell levels left.
You didn't know any spells.
Your spell library was empty.

Dungeon Overview and Level Annotations

Branches:
Dungeon (5/15)             Temple (0/1) D:4

Altars:
Fedhas
Kikubaaqudgha
Makhleb
Okawaru
Ru


Innate Abilities, Weirdness & Mutations

You reflexively headbutt those who attack you in melee.
You have a pair of horns on your head.


Message History

The hound barks!
The ogre barely misses you. You furiously retaliate!
You headbutt the ogre!
The sky beast flickers out of sight!
Deactivating autopickup; reactivate with Ctrl-A.
You hit the ogre.
The ogre is heavily wounded.
The ogre hits you with a +0 giant spiked club!!
* * * LOW HITPOINT WARNING * * *
You hit the ogre.
The ogre is heavily wounded.
Something hits you but does no damage.
You puncture the ogre!
The ogre is almost dead.
The ogre barely misses you. You furiously retaliate!
You headbutt the ogre. The hound bites you but does no damage.
Something hits you but does no damage.
You barely miss the ogre. You headbutt the ogre.
The ogre is almost dead.
The hound bites you but does no damage.
The ogre hits you with a +0 giant spiked club.
You die...

..................##....
..................##....
................(.....#.
......................#.
...............(..##.##.
..................##.##.
........O.........##.##.
......h@..?............<
..................##....
..................##....
........................
........................
..................#.....
..................#..###
..................#....
.............. ..


You could see an ogre and a hound.

Vanquished Creatures
  A jelly (D:5)
  An orc wizard (D:3)
  A hound skeleton (D:4)
  A worker ant zombie (D:2)
  An adder (D:4)
  3 oozes
  2 worms (D:3)
  2 dart slugs
  5 orcs (D:3)
  4 bats
  5 giant cockroaches
  A goblin (D:1)
  A hobgoblin (D:3)
  2 jackals (D:4)
  5 kobolds
  3 quokkas
  6 frilled lizards
  2 rats
46 creatures vanquished.

Notes
Turn   | Place    | Note
-------+----------+-------------------------------------------
     0 | D:1      | Peloso the Minotaur Fighter began the quest for the Orb.
     0 | D:1      | Reached XP level 1. HP: 19/19 MP: 0/0
   173 | D:1      | Reached XP level 2. HP: 22/27 MP: 1/1
   891 | D:2      | Found an iron altar of Okawaru.
   897 | D:2      | Became a worshipper of Warmaster Okawaru
   933 | D:2      | Reached XP level 3. HP: 33/33 MP: 2/2
   947 | D:2      | Found a burning altar of Makhleb.
   948 | D:2      | Found a sacrificial altar of Ru.
   948 | D:2      | Found a blossoming altar of Fedhas.
  1170 | D:2      | Found an ancient bone altar of Kikubaaqudgha.
  1554 | D:3      | Reached XP level 4. HP: 20/40 MP: 3/3
  1555 | D:3      | Reached skill level 1 in Short Blades
  1822 | D:4      | Found a staircase to the Ecumenical Temple.
  2216 | D:5      | Entered Level 5 of the Dungeon
  2233 | D:5      | Reached * piety under Okawaru
  2233 | D:5      | Reached XP level 5. HP: 43/46 MP: 4/4
  2241 | D:5      | Noticed an ogre
  2242 | D:5      | Noticed a sky beast
  2250 | D:5      | Slain by an ogre

Skill      XL: |  1  2  3  4 |
---------------+-------------+-----
Fighting       | 4 |  4.3
Armour         | 4 |  4.6
Shields        | 4 |  4.5
Long Blades    | 3 |  3.2
Short Blades   | 2 |  2.3
Dodging        | |  0.8
Stealth        | |  0.4

Action                   |  1- 3 |  4- 6 || total
-------------------------+-------+-------++-------
Melee: Long sword        |    33 |       ||    33
       Headbutt          |    14 |     8 ||    22
       Rapier            |    48 |    50 ||    98
  Use: Scroll            |     8 |     1 ||     9
  Eat: Chunk             |     1 |     2 ||     3
Armor: Scale mail        |    39 |       ||    39
       Chain mail        |       |    32 ||    32
Dodge: Dodged            |    34 |    10 ||    44
Block: Shield            |    50 |    19 ||    69
       Rpst.: Long sword |     5 |       ||     5
